 Dungeon Crawl Stone Soup version 0.25.1-11-g244df3a29b (webtiles) character file.

Game seed: 11889831810980053191

163 stevothebomb the Chopper (level 5, -1/46 HPs)
             Began as a Hill Orc Fighter on May 12, 2022.
             Slain by Sigmund
             ... wielding a +1 scythe of venom
              (2 damage)
             ... on level 3 of the Dungeon.
             The game lasted 00:11:40 (2217 turns).

stevothebomb the Chopper (Hill Orc Fighter)         Turns: 2217, Time: 00:11:46

Health: -1/46      AC:  9    Str: 20    XL:     5   Next: 44%
Magic:  5/5        EV:  4    Int:  8    God:
Gold:   124        SH:  0    Dex: 10    Spells: 4/4 levels left

rFire    + . .     SeeInvis .   a - +0 war axe
rCold    . . .     Gourm    .   c - +0 kite shield
rNeg     . . .     Faith    .   b - +2 scale mail
rPois    .         Spirit   .   (no helmet)
rElec    .         Reflect  .   (no cloak)
rCorr    .         Harm     .   (no gloves)
MR       .....                  (no boots)
Stlth    ..........             (no amulet)
HPRegen  0.15/turn              e - ring of protection from fire
MPRegen  0.09/turn              (no ring)

@: confused, lethally poisoned (-1 -> -16), constricted
A: no striking features
a: no special abilities


You were on level 3 of the Dungeon.
You were very hungry.

You visited 1 branch of the dungeon, and saw 3 of its levels.

You collected 124 gold pieces.

Inventory:

Hand Weapons
 a - a +0 war axe (weapon)
Armour
 b - a +2 scale mail (worn)
 c - a +0 kite shield (worn)
Jewellery
 e - a ring of protection from fire (left hand)
Potions
 d - a potion of might
 g - a potion of ambrosia {unknown}
 j - a potion of resistance
 n - 2 potions of curing
Comestibles
 f - 4 rations


   Skills:
 + Level 4.1 Fighting
 + Level 4.7 Axes
 + Level 4.1 Armour
 + Level 0.8 Dodging
 + Level 4.3 Shields


You had 4 spell levels left.
You didn't know any spells.
Your spell library was empty.

Dungeon Overview and Level Annotations

Branches:
Dungeon (3/15)

Altars:

Annotations:
D:3 Sigmund


Message History

Sigmund gestures wildly while chanting.
Sigmund flickers and vanishes!
Deactivating autopickup; reactivate with Ctrl-A.
You bump into the rock wall.
You feel sick.
The ball python bites you but does no damage.
The ball python grabs you. The ball python constricts you. Something hits you!
* * * LOW HITPOINT WARNING * * *
You are more poisoned.
You're too confused to move!
* * * LOW HITPOINT WARNING * * *
You feel sick.
The ball python bites you but does no damage.
The ball python constricts you.
Your shield and scale mail prevent you from hitting the ball python.
* * * LOW HITPOINT WARNING * * *
You feel sick.
The ball python bites you but does no damage.
* * * LOW HITPOINT WARNING * * *
The ball python constricts you. Something hits you.
You die...

,,,,,**,*,,,**,***,,,,,,,*,* *,,,
*,**,**,*,##**,* **,,,,,**,* *,*,
,,**,**,*,S.**,* **,,,***,* *,*,
*,**,*#,**#.**,* **+#* *,***,*,
,,**,*#.###.**,* *.# *,,,,,,,
,,,,,,,,....,,,* *.# *****+**
,*,,*,*,,,..##** ##.## **,,,*
,*,*,*,,,,*♣.#######...####*,,,,,
,**,******,♣.w{S@....#....#**,,,*
>*,**,,,,*,♣♣♣.###.#...#****,,,,,
**,**,***,,**♣.# #.##.## ***_**
*****,,****,.## #.##.# ***
****,** *♣♣,* #....# *,*,*,*
**,** ####.# **,_*** *,,* #.#
****,***,** #.# ******,,,**,*
####.######


You could see a dart slug and a ball python.

Vanquished Creatures
  An ogre (D:3)
  An adder (D:3)
  An ooze (D:1)
  A worm (D:2)
  3 dart slugs
  A leopard gecko (D:2)
  3 orcs (D:3)
  2 ball pythons
  4 giant cockroaches
  3 goblins
  7 hobgoblins
  7 bats
  4 frilled lizards
  8 kobolds
  10 rats
56 creatures vanquished.

Notes
Turn   | Place    | Note
-------+----------+-------------------------------------------
     0 | D:1      | stevothebomb the Hill Orc Fighter began the quest for the
                  | Orb.
     0 | D:1      | Reached XP level 1. HP: 19/19 MP: 1/1
    74 | D:1      | Reached XP level 2. HP: 23/27 MP: 2/2
   559 | D:1      | Reached XP level 3. HP: 33/33 MP: 3/3
  1805 | D:3      | Reached XP level 4. HP: 40/40 MP: 4/4
  1808 | D:3      | Noticed an ogre
  1819 | D:3      | Killed an ogre
  1819 | D:3      | Reached XP level 5. HP: 16/46 MP: 5/5
  2204 | D:3      | Noticed Sigmund
  2217 | D:3      | HP: 2/46 [poisoned by Sigmund]
  2217 | D:3      | Slain by Sigmund

Illustrated notes

Levels and vault maps discovered:
D:1:      eino_arrival_tree_alley, layout_loops_cross
D:2:      layout_loops_ring
D:3:      layout_loops_corners, chequers_ecumenical_altar_grove, first_ration,
          tso_altar, uniq_sigmund, uniq_terence

Skill      XL: |  1  2  3  4 |
---------------+-------------+-----
Axes           | 3 4 |  4.7
Fighting       | 4 |  4.1
Armour         | 4 |  4.1
Shields        | 4 |  4.3
Dodging        | |  0.8

Action                   |  1- 3 |  4- 6 || total
-------------------------+-------+-------++-------
Melee: War axe           |   166 |    36 ||   202
  Use: Scroll            |     7 |     2 ||     9
       Potion            |       |     1 ||     1
  Eat: Ration            |     1 |       ||     1
Armor: Scale mail        |   172 |    26 ||   198
Dodge: Dodged            |    97 |    12 ||   109
Block: Kite shield       |   174 |    27 ||   201
